 Dungeon Crawl Stone Soup version 0.20-a0-382-g289d6af (webtiles) character file.

2116 omnomnOMINOUS the Skirmisher (level 9, -4/62 HPs)
             Began as an Octopode Monk on Dec 29, 2016.
             Was an Elder of Okawaru.
             Slain by a slave (9 damage)
             ... led by Pikel
             ... while paralysed by Pikel
             ... on level 7 of the Dungeon.
             The game lasted 00:19:35 (8602 turns).

omnomnOMINOUS the Skirmisher (Octopode Monk)        Turns: 8602, Time: 00:19:36

Health: -4/62      AC:  3    Str: 11    XL:     9   Next: 29%
Magic:  16/16      EV:  2    Int: 15    God:    Okawaru [****..]
Gold:   329        SH:  0    Dex: 14    Spells: 17/17 levels left

rFire  . . .     SeeInvis .     a - +0 scimitar
rCold  . . .     Gourm    .     (no shield)
rNeg   . . .     Faith    .     (helmet restricted)
rPois  .         Spirit   .     (no amulet)
rElec  .         Reflect  .     e - +2 ring of protection
rCorr  .         Harm     .     u - +3 ring of evasion
MR     .....                    (no ring)
Stlth  +++.......               (no ring)
                                (no ring)
                                (no ring)
                                (no ring)
                                (no ring)

@: paralysed
A: almost no armour, stealthy swim, amphibious, 8 rings, constrict 8, camouflage
1, gelatinous body 1
a: Heroism, Renounce Religion


You were on level 7 of the Dungeon.
You worshipped Okawaru.
Okawaru was greatly pleased with you.
You were hungry.

You visited 1 branch of the dungeon, and saw 7 of its levels.
You also visited: Ossuary.

You collected 329 gold pieces.

Inventory:

Hand Weapons
 a - a +0 scimitar (weapon)
 j - a +1 dagger of draining
Missiles
 d - a throwing net (quivered)
 n - 34 stones
Armour
 w - a +0 shield
Jewellery
 e - a +2 ring of protection (left tentacle)
 u - a +3 ring of evasion (right tentacle)
Wands
 m - a wand of flame (28/48)
 r - a wand of acid (6/15)
 B - a wand of flame (22/48)
Scrolls
 c - 4 scrolls of remove curse
 g - 3 scrolls of noise {unknown}
 h - 6 scrolls of identify
 i - 4 scrolls of teleportation
 q - 4 scrolls of random uselessness
 y - a scroll of fog {unknown}
 z - a scroll of enchant weapon {unknown}
 C - a scroll of amnesia
 E - 4 scrolls of immolation {unknown}
Potions
 k - a potion of ambrosia
 l - 2 potions of haste
 p - 4 potions of flight
 s - 2 potions of lignification
 v - 11 potions of degeneration {unknown}
 x - 2 potions of cure mutation {unknown}
 D - 2 potions of curing
 F - a potion of invisibility
Books
 b - a book of Necromancy

   Spells                             Type                      Level
   a - Pain                           Necromancy                   1
   b - Animate Skeleton               Necromancy                   1
   c - Vampiric Draining              Necromancy                   3
   d - Regeneration                   Charms/Necromancy            3
   e - Animate Dead                   Necromancy                   4
   f - Control Undead                 Necromancy                   4
Comestibles
 f - 4 meat rations
 o - a slice of pizza
 t - 5 bread rations
 A - 5 fruits


   Skills:
 * Level 6.3 Fighting
 * Level 6.0 Long Blades
 * Level 6.2 Dodging
 - Level 2.6 Stealth
 * Level 4.6 Shields
 * Level 4.9 Spellcasting


You had 17 spell levels left.
You didn't know any spells.

Dungeon Overview and Level Annotations

Branches:
Dungeon (7/15)             Temple (0/1) D:5

Altars:
Ashenzari
Gozag
Okawaru
Ru
Sif Muna
Vehumet
Xom
Zin

Shops:
D:5 (   D:6 }

Annotations:
D:7 Pikel


Innate Abilities, Weirdness & Mutations

You cannot wear most types of armour.
You are very stealthy in the water. (Stealth+)
You are amphibious.
You can wear up to eight rings at the same time.
You can use your tentacles to constrict eight enemies at once.
Your skin changes colour to match your surroundings (Stealth+).
Your rubbery body absorbs attacks. (AC +1, EV +1)


Message History

You suddenly lose the ability to move!
You lose your grip on the slave.
It is a wand of paralysis (?/24).
The slave hits you! The slave hits you.
Pikel zaps a wand.
You easily resist.
The slave hits you! The slave hits you but does no damage.
Pikel hits you with a whip of freezing! Pikel freezes you.
The slave hits you but does no damage. The slave hits you.
The slave completely misses you. Pikel hits you with a whip of freezing!
Pikel freezes you. The slave hits you but does no damage.
The slave hits you. x2
The slave hits you!
* * * LOW HITPOINT WARNING * * *
A killer bee comes into view.
The killer bee moves out of view.
Pikel hits you with a whip of freezing.
* * * LOW HITPOINT WARNING * * *
Pikel freezes you.
* * * LOW HITPOINT WARNING * * *
The slave hits you.
* * * LOW HITPOINT WARNING * * *
The slave hits you!
You die...

.##.#...#..###...................
...............................#.
..................>..######......
.##.#......###.......# #.........
.##.#......# #.......######.##.#.
.##.#.#+#..# #.#+#+###...........
.##.#.#,#..###.#.#.########.##.#.
......#..........p........#.##.#.
......##........@p...............
...............ppK..........##.##
.##.#.##...#####.#.###.#.##.##.#
.##.#.##...#***#.#.###.#..#.##.##
....#.##....,,,...,..............
............,,,...........#.##.##
.#..#.#...#*,**#.####..##.#.##.#
.#..#...,.#*,,,..............#.##
.#..#.#...**,***,................


You could see Pikel and 4 slaves.

Vanquished Creatures
  Edmund (D:5)
  Menkaure (D:5)
  Duvessa (D:5)
  2 sky beasts (D:5)
  An ice beast (D:4)
  2 ogres (D:5)
  A centaur (D:5)
  Blork the orc (D:6)
  A bullfrog (D:6)
  Dowan (D:5)
  A scorpion (D:7)
  A bullfrog zombie (D:6)
  A howler monkey (D:4)
  A centaur zombie (Ossuary)
  A quasit (D:6)
  2 jellies
  A human zombie (Ossuary)
  3 hounds (D:5)
  An orc priest (D:3)
  2 iguanas
  Natasha (thrice) (D:2)
  2 orc wizards (D:4)
  3 worker ants
  A big kobold zombie (Ossuary)
  5 mummies (Ossuary)
  8 gnolls
  11 adders
  A shadow imp (D:6)
  An ooze (D:4)
  An adder skeleton (D:4)
  2 worms
  3 dart slugs
  7 leopard geckos
  19 orcs
  4 ball pythons
  9 bats
  12 giant cockroaches
  7 goblins
  7 hobgoblins
  6 jackals
  3 quokkas
  8 frilled lizards
  A gnoll zombie (Ossuary)
  2 goblin zombies (D:7)
  A hobgoblin zombie (Ossuary)
  10 kobolds
  A leopard gecko skeleton (D:6)
  3 orc zombies (Ossuary)
  A quokka skeleton (D:5)
  6 rats
174 creatures vanquished.

Notes
Turn   | Place    | Note
-------+----------+-------------------------------------------
     0 | D:1      | omnomnOMINOUS the Octopode Monk began the quest for the Orb.
     0 | D:1      | Reached XP level 1. HP: 16/16 MP: 1/1
   264 | D:1      | Reached skill level 1 in Spellcasting
   264 | D:1      | Reached XP level 2. HP: 16/21 MP: 3/3
   471 | D:1      | Reached XP level 3. HP: 23/26 MP: 5/5
  1079 | D:2      | Noticed Natasha
  1088 | D:2      | Killed Natasha
  1088 | D:2      | Reached XP level 4. HP: 32/32 MP: 6/6
  1358 | D:2      | Reached XP level 5. HP: 34/37 MP: 8/8
  1547 | D:2      | Found an iron altar of Okawaru.
  1719 | D:2      | Noticed Natasha
  1728 | D:2      | Became a worshipper of Warmaster Okawaru
  1728 | D:2      | Reached * piety under Okawaru
  1728 | D:2      | Reached ** piety under Okawaru
  1742 | D:2      | Killed Natasha
  1810 | D:2      | Noticed Natasha
  1821 | D:2      | Killed Natasha
  1985 | D:3      | Found a shattered altar of Ashenzari.
  2374 | D:3      | Noticed a phantom
  2378 | D:3      | Reached XP level 6. HP: 34/43 MP: 10/10
  3070 | D:3      | Found a radiant altar of Vehumet.
  3070 | D:3      | Found a deep blue altar of Sif Muna.
  3071 | D:3      | Found a shimmering altar of Xom.
  4077 | D:4      | Reached skill level 1 in Shields
  4638 | D:5      | Entered Level 5 of the Dungeon
  4642 | D:5      | Found an opulent altar of Gozag.
  4651 | D:5      | Noticed Edmund
  4654 | D:5      | Reached XP level 7. HP: 33/49 MP: 11/11
  4664 | D:5      | Killed Edmund
  4864 | D:5      | Found a staircase to the Ecumenical Temple.
  4932 | D:5      | Found Zeetz's Weapon Shop.
  5281 | D:5      | Found a sacrificial altar of Ru.
  5689 | D:5      | Noticed Duvessa
  5689 | D:5      | Noticed Dowan
  5706 | D:5      | Killed Duvessa
  5731 | D:5      | Killed Dowan
  5731 | D:5      | Reached skill level 5 in Fighting
  5788 | D:5      | Reached *** piety under Okawaru
  5788 | D:5      | Reached skill level 5 in Dodging
  5788 | D:5      | Reached XP level 8. HP: 41/55 MP: 13/13
  5830 | D:5      | Reached skill level 5 in Long Blades
  6254 | D:5      | Noticed Menkaure
  6668 | D:5      | Killed Menkaure
  6923 | D:4      | Reached **** piety under Okawaru
  7428 | D:6      | Noticed Blork the orc
  7560 | D:6      | Found Yleogode's Gadget Shop.
  7633 | D:6      | Reached XP level 9. HP: 62/62 MP: 15/15
  7668 | D:6      | Killed Blork the orc
  7910 | D:6      | Found an iron altar of Okawaru.
  8063 | D:7      | Found a glowing silver altar of Zin.
  8140 | D:7      | Found a sand-covered staircase.
  8147 | Ossuary  | Entered an ossuary
  8593 | D:7      | Noticed Pikel
  8598 | D:7      | Paralysed by Pikel for 6 turns
  8602 | D:7      | Slain by a slave

Vault maps used:
D:1:      dpeg_arrival_water_temple_mockup, serial_bayou_lagoon_b
D:2:      overflow_temple_1_default, st_stairs_6, bh_walls_and_bars,
          uniq_natasha
D:3:      lemuel_doored_altar, gammafunk_temple_overflow_claw, minivault_23,
          hex_medium
D:5:      kennysheep_mini_moat, grunt_gozag_statues, first_bread,
          kennysheep_windowed_goal, uniq_duvessa, uniq_menkaure, uniq_edmund
D:6:      serial_shops, shop, okawaru_altar_gauntlet_db, uniq_blork_the_orc
D:7:      lemuel_round_altar, enter_ossuary_4, uniq_pikel
Ossuary:  ossuary_crypta

Skill      XL: |  1  2  3  4  5  6  7  8  9 |
---------------+----------------------------+-----
Spellcasting   | 1 2 3 4 |  4.9
Fighting       | 4 5 6 |  6.3
Long Blades    | 4 5 6 |  6.0
Dodging        | 4 5 6 |  6.2
Shields        | 1 2 4 |  4.6
Stealth        | |  2.6

Action                   |  1- 3 |  4- 6 |  7- 9 || total
-------------------------+-------+-------+-------++-------
Melee: Falchion          |    57 |    61 |       ||   118
       Constrict         |    17 |    46 |    56 ||   119
       Tentacles         |    11 |    44 |    67 ||   122
       Long sword        |       |   104 |   148 ||   252
       Scimitar          |       |       |    92 ||    92
  Use: Potion            |       |       |     6 ||     6
       Scroll            |       |       |    10 ||    10
 Stab: Sleeping          |    12 |    21 |     9 ||    42
       Distracted        |       |       |     1 ||     1
  Eat: Chunk             |     1 |    10 |    13 ||    24
Armor: Skin              |     7 |    17 |    32 ||    56
Dodge: Dodged            |    31 |   115 |   202 ||   348
       Rpst.: Falchion   |     7 |    14 |       ||    21
       Long sword        |       |    27 |    39 ||    66
       Scimitar          |       |       |    14 ||    14
